[ AOE2 MATCH · #484852165 ]
Team RMBurgundians vs Wei
[ REPLAY ANALYSIS · EXTRACTED FROM THE RECORDED GAME ]
Feudal
10:49
Castle
15:13
Imperial
31:32
| APM avg | 35.8 |
| APM peak | 78 |
| eAPM avg | 20.3 |
| Villagers / military | 191 / 175 |
Focus
⚔️ 38.3% · 🌾 61.7%
Knight ×170 · Monk ×5
Feudal
9:50
Castle
19:45
Imperial
38:23
| APM avg | 34.4 |
| APM peak | 70 |
| eAPM avg | 24.3 |
| Villagers / military | 147 / 181 |
Focus
⚔️ 36.8% · 🌾 63.2%
Archer ×137 · Skirmisher ×20 · Longbowman ×15 · Mangonel ×5 · Trebuchet (Packed) ×4
Feudal
13:34
Castle
23:26
Imperial
30:34
| APM avg | 22.5 |
| APM peak | 50 |
| eAPM avg | 12.3 |
| Villagers / military | 133 / 92 |
Focus
⚔️ 27.4% · 🌾 72.6%
Hand Cannoneer ×56 · Hussite Wagon ×17 · Bombard Cannon ×7 · Spearman ×6 · Skirmisher ×4 · Militia ×2
Feudal
10:53
Castle
19:46
Imperial
—
| APM avg | 20.7 |
| APM peak | 60 |
| eAPM avg | 9.9 |
| Villagers / military | 74 / 42 |
Focus
⚔️ 19.4% · 🌾 80.6%
Spearman ×18 · Archer ×15 · Leitis ×4 · Skirmisher ×4 · Fishing Ship ×3 · Monk ×1
Feudal
9:27
Castle
23:39
Imperial
46:25
| APM avg | 23.2 |
| APM peak | 43 |
| eAPM avg | 16.4 |
| Villagers / military | 130 / 114 |
Focus
⚔️ 32.1% · 🌾 67.9%
Skirmisher ×44 · Militia ×32 · Spearman ×26 · Battering Ram ×6 · Centurion ×4 · Archer ×2
Feudal
10:48
Castle
17:29
Imperial
33:41
| APM avg | 38.9 |
| APM peak | 79 |
| eAPM avg | 17.1 |
| Villagers / military | 96 / 184 |
Focus
⚔️ 26.9% · 🌾 73.1%
Magyar Huszar ×96 · Cavalry Archer ×84 · Scout Cavalry ×3 · Trebuchet (Packed) ×1
Feudal
10:43
Castle
20:11
Imperial
43:11
| APM avg | 44.1 |
| APM peak | 99 |
| eAPM avg | 24.1 |
| Villagers / military | 204 / 14 |
Focus
⚔️ 45.8% · 🌾 54.2%
Unknown (1944) ×257 · Scout Cavalry ×14
Feudal
9:32
Castle
20:35
Imperial
36:03
| APM avg | 30.2 |
| APM peak | 49 |
| eAPM avg | 20.1 |
| Villagers / military | 155 / 236 |
Focus
⚔️ 19.3% · 🌾 80.7%
Knight ×175 · Spearman ×59 · Monk ×2
Match map
Initial resources + every placement click. Lines = walls · curves = elevation contours. ◆ gold · ⬟ stone · ● berries · ✦ relic · ◌ wall gap
Your base· Open — unwalled flank
recpe's base· Open — unwalled flank
heibanbaomc2003's base· ✓ Closed at 23:26 · 45t walls · no gate
Lokky's base· Open — 6t gap
Kei Nagase's base· Open — 2t gap
Zin's base· Open — 15t gap
felixaleman1010's base· Open — unwalled flank
younger's base· Open — 6t gap
Smoothed initial terrain · ◌ = detected wall gap · hover for details
Inputs per minute
— 2384823078 - - recpe
Build order — 2384823078
First 150 of 559 actions detected
| 0:17 | Create | Villager (Male) |
| 0:18 | Create | Villager (Male) |
| 0:53 | Create | Villager (Male) |
| 0:56 | Build | House |
| 1:03 | Build | House |
| 1:28 | Create | Villager (Male) |
| 1:42 | Build | House |
| 1:43 | Build | House |
| 1:44 | Build | House |
| 2:16 | Create | Villager (Male) |
| 2:16 | Create | Villager (Male) |
| 2:18 | Create | Villager (Male) |
| 3:07 | Create | Villager (Male) |
| 3:08 | Create | Villager (Male) |
| 3:24 | Create | Villager (Male) |
| 3:25 | Create | Villager (Male) |
| 3:25 | Create | Villager (Male) |
| 4:00 | Create | Villager (Male) |
| 4:00 | Create | Villager (Male) |
| 4:32 | Create | Villager (Male) |
| 4:42 | Create | Villager (Male) |
| 4:49 | Create | Villager (Male) |
| 4:57 | Create | Villager (Male) |
| 4:57 | Create | Villager (Male) |
| 5:10 | Create | Villager (Male) |
| 5:22 | Build | Mill |
| 5:24 | Create | Villager (Male) |
| 5:35 | Create | Villager (Male) |
| 5:40 | Create | Villager (Male) |
| 6:04 | Create | Villager (Male) |
| 6:04 | Create | Villager (Male) |
| 6:12 | Create | Villager (Male) |
| 6:15 | Create | Villager (Male) |
| 6:17 | Create | Villager (Male) |
| 6:34 | Build | Lumber Camp |
| 6:41 | Create | Villager (Male) |
| 6:59 | Create | Villager (Male) |
| 7:04 | Build | House |
| 7:09 | Build | House |
| 7:19 | Create | Villager (Male) |
| 7:22 | Research | Double-Bit Axe |
| 7:37 | Create | Villager (Male) |
| 8:01 | Create | Villager (Male) |
| 8:02 | Create | Villager (Male) |
| 8:39 | Research | Feudal Age |
| 8:52 | Create | Villager (Male) |
| 8:52 | Create | Villager (Male) |
| 9:17 | Build | Lumber Camp |
| 9:25 | Build | House |
| 9:41 | Build | House |
| 9:50 | Build | Lumber Camp |
| 9:53 | Build | House |
| 9:55 | Create | Villager (Male) |
| 10:04 | Build | Barracks |
| 10:17 | Build | Farm |
| 10:22 | Research | Horse Collar |
| 10:32 | Build | Mining Camp |
| 10:34 | Create | Villager (Male) |
| 10:49 | Age | Feudal Age |
| 11:02 | Build | Blacksmith |
| 11:09 | Build | Stable |
| 11:34 | Create | Villager (Male) |
| 11:34 | Create | Villager (Male) |
| 11:34 | Create | Villager (Male) |
| 11:43 | Build | Farm |
| 11:43 | Build | Farm |
| 11:44 | Build | Farm |
| 11:48 | Build | Farm |
| 12:03 | Create | Villager (Male) |
| 12:17 | Create | Villager (Male) |
| 12:21 | Build | Farm |
| 12:33 | Research | Castle Age |
| 12:34 | Create | Villager (Male) |
| 12:35 | Create | Villager (Male) |
| 12:55 | Build | Stable |
| 13:08 | Research | Scale Barding Armor |
| 13:11 | Create | Villager (Male) |
| 13:16 | Build | Farm |
| 13:26 | Build | Farm |
| 13:58 | Build | Stable |
| 14:05 | Research | Forging |
| 14:06 | Create | Villager (Male) |
| 14:06 | Create | Villager (Male) |
| 14:28 | Build | Farm |
| 14:29 | Build | Farm |
| 14:29 | Build | Farm |
| 14:30 | Build | Farm |
| 14:51 | Build | Farm |
| 14:54 | Build | Farm |
| 14:57 | Create | Villager (Male) |
| 14:58 | Create | Villager (Male) |
| 15:13 | Age | Castle Age |
| 15:13 | Research | Loom |
| 15:18 | Create | Knight |
| 15:19 | Create | Knight |
| 15:23 | Research | Cavalier (upgrade) |
| 15:24 | Create | Knight |
| 15:42 | Build | Stable |
| 15:56 | Create | Knight |
| 15:56 | Create | Knight |
| 16:34 | Create | Knight |
| 16:35 | Create | Villager (Male) |
| 16:39 | Build | House |
| 16:54 | Build | Town Center |
| 16:56 | Create | Villager (Male) |
| 16:59 | Build | House |
| 17:07 | Create | Knight |
| 17:09 | Create | Villager (Male) |
| 17:12 | Build | Farm |
| 17:16 | Create | Knight |
| 17:26 | Create | Villager (Male) |
| 17:26 | Create | Villager (Male) |
| 17:36 | Build | House |
| 17:38 | Build | House |
| 17:39 | Build | House |
| 17:40 | Build | House |
| 17:46 | Build | Farm |
| 17:49 | Build | Mining Camp |
| 17:51 | Create | Villager (Male) |
| 17:51 | Create | Villager (Male) |
| 17:59 | Build | Farm |
| 18:01 | Research | Heavy Plow |
| 18:02 | Create | Villager (Male) |
| 18:06 | Research | Gold Mining |
| 18:11 | Research | Bow Saw |
| 18:25 | Research | Husbandry |
| 18:25 | Create | Knight |
| 18:25 | Create | Knight |
| 18:44 | Create | Knight |
| 18:45 | Create | Knight |
| 18:46 | Create | Villager (Male) |
| 18:46 | Create | Villager (Male) |
| 19:02 | Build | Town Center |
| 19:10 | Create | Villager (Male) |
| 19:18 | Build | House |
| 19:18 | Build | House |
| 19:19 | Build | House |
| 19:23 | Create | Knight |
| 19:23 | Create | Knight |
| 19:30 | Create | Villager (Male) |
| 19:30 | Create | Villager (Male) |
| 19:36 | Create | Villager (Male) |
| 20:04 | Create | Knight |
| 20:04 | Create | Knight |
| 20:22 | Create | Knight |
| 20:39 | Create | Villager (Male) |
| 20:40 | Create | Villager (Male) |
| 20:41 | Create | Villager (Male) |
| 21:09 | Create | Villager (Male) |
| 21:09 | Create | Villager (Male) |
Build order — recpe
First 150 of 484 actions detected
| 0:03 | Create | Villager (Male) |
| 0:03 | Create | Villager (Male) |
| 0:03 | Create | Villager (Male) |
| 0:06 | Build | House |
| 0:10 | Build | House |
| 0:22 | Create | Villager (Male) |
| 0:23 | Create | Villager (Male) |
| 1:14 | Research | Loom |
| 1:40 | Create | Villager (Male) |
| 1:40 | Create | Villager (Male) |
| 2:06 | Create | Villager (Male) |
| 2:07 | Create | Villager (Male) |
| 2:17 | Create | Villager (Male) |
| 2:17 | Create | Villager (Male) |
| 2:18 | Create | Villager (Male) |
| 2:18 | Create | Villager (Male) |
| 2:38 | Create | Villager (Male) |
| 2:39 | Create | Villager (Male) |
| 2:50 | Create | Villager (Male) |
| 2:52 | Create | Villager (Male) |
| 2:53 | Create | Villager (Male) |
| 2:53 | Create | Villager (Male) |
| 3:16 | Create | Villager (Male) |
| 3:22 | Build | House |
| 3:23 | Build | House |
| 3:29 | Create | Villager (Male) |
| 3:30 | Create | Villager (Male) |
| 3:32 | Build | Lumber Camp |
| 4:00 | Create | Villager (Male) |
| 4:01 | Create | Villager (Male) |
| 4:16 | Create | Villager (Male) |
| 4:16 | Create | Villager (Male) |
| 4:16 | Create | Villager (Male) |
| 4:17 | Create | Villager (Male) |
| 4:18 | Create | Villager (Male) |
| 4:19 | Create | Villager (Male) |
| 4:27 | Create | Villager (Male) |
| 4:27 | Create | Villager (Male) |
| 5:03 | Create | Villager (Male) |
| 5:03 | Create | Villager (Male) |
| 5:18 | Create | Villager (Male) |
| 5:18 | Create | Villager (Male) |
| 5:19 | Create | Villager (Male) |
| 6:00 | Build | Lumber Camp |
| 6:04 | Create | Villager (Male) |
| 6:05 | Create | Villager (Male) |
| 6:05 | Create | Villager (Male) |
| 6:05 | Create | Villager (Male) |
| 6:05 | Create | Villager (Male) |
| 6:34 | Build | House |
| 6:35 | Build | House |
| 6:59 | Build | Mining Camp |
| 7:01 | Create | Villager (Male) |
| 7:01 | Create | Villager (Male) |
| 7:01 | Create | Villager (Male) |
| 7:02 | Create | Villager (Male) |
| 7:40 | Research | Feudal Age |
| 8:21 | Build | Mill |
| 9:03 | Create | Villager (Male) |
| 9:03 | Create | Villager (Male) |
| 9:06 | Create | Villager (Male) |
| 9:06 | Create | Villager (Male) |
| 9:25 | Build | Farm |
| 9:27 | Build | Farm |
| 9:30 | Build | Farm |
| 9:33 | Build | Farm |
| 9:35 | Build | Farm |
| 9:37 | Build | Farm |
| 9:50 | Age | Feudal Age |
| 9:50 | Build | Barracks |
| 10:06 | Build | Blacksmith |
| 10:13 | Build | Stone Wall |
| 10:22 | Create | Villager (Male) |
| 10:23 | Create | Villager (Male) |
| 10:23 | Create | Villager (Male) |
| 10:23 | Create | Villager (Male) |
| 10:52 | Build | Archery Range |
| 11:02 | Build | Palisade Gate |
| 11:08 | Build | Farm |
| 11:28 | Build | House |
| 11:42 | Build | Stone Wall |
| 11:47 | Build | Gate |
| 11:50 | Create | Archer |
| 11:50 | Create | Archer |
| 11:50 | Create | Archer |
| 11:51 | Create | Archer |
| 11:51 | Create | Archer |
| 11:51 | Create | Archer |
| 11:56 | Build | House |
| 11:57 | Build | House |
| 12:11 | Research | Fletching |
| 12:31 | Build | Stone Wall |
| 13:01 | Build | Mining Camp |
| 13:02 | Create | Villager (Male) |
| 13:03 | Create | Villager (Male) |
| 13:03 | Create | Villager (Male) |
| 13:03 | Create | Villager (Male) |
| 13:08 | Build | Lumber Camp |
| 13:11 | Research | Double-Bit Axe |
| 13:29 | Build | Stone Wall |
| 13:38 | Build | House |
| 13:47 | Create | Archer |
| 13:47 | Create | Archer |
| 13:47 | Create | Archer |
| 14:13 | Create | Archer |
| 14:14 | Create | Archer |
| 14:28 | Build | Farm |
| 14:30 | Build | Farm |
| 14:31 | Build | Farm |
| 14:51 | Create | Archer |
| 14:51 | Create | Archer |
| 14:56 | Build | Farm |
| 14:58 | Build | Farm |
| 14:59 | Create | Villager (Male) |
| 15:00 | Create | Villager (Male) |
| 15:00 | Create | Villager (Male) |
| 15:00 | Create | Villager (Male) |
| 15:00 | Create | Villager (Male) |
| 15:01 | Create | Villager (Male) |
| 15:01 | Create | Villager (Male) |
| 15:01 | Create | Villager (Male) |
| 15:03 | Create | Villager (Male) |
| 15:07 | Build | Mining Camp |
| 15:12 | Create | Archer |
| 15:12 | Create | Archer |
| 15:35 | Create | Villager (Male) |
| 15:36 | Create | Villager (Male) |
| 15:43 | Build | House |
| 15:45 | Build | House |
| 15:45 | Build | House |
| 15:45 | Build | House |
| 15:46 | Build | House |
| 15:51 | Create | Archer |
| 16:21 | Research | Padded Archer Armor |
| 16:50 | Create | Archer |
| 17:04 | Research | Castle Age |
| 17:12 | Create | Archer |
| 17:12 | Create | Archer |
| 17:25 | Build | Archery Range |
| 17:33 | Create | Archer |
| 17:33 | Create | Archer |
| 19:01 | Create | Archer |
| 19:01 | Create | Archer |
| 19:02 | Create | Archer |
| 19:02 | Create | Archer |
| 19:02 | Create | Archer |
| 19:02 | Create | Archer |
| 19:11 | Build | Mining Camp |
| 19:25 | Build | Stone Wall |
| 19:33 | Build | Stone Wall |
Build order — heibanbaomc2003
First 150 of 286 actions detected
| 0:25 | Create | Villager (Male) |
| 0:25 | Create | Villager (Male) |
| 0:26 | Create | Villager (Male) |
| 0:45 | Create | Villager (Male) |
| 0:54 | Build | House |
| 0:55 | Build | House |
| 0:56 | Build | House |
| 1:44 | Create | Villager (Male) |
| 2:23 | Create | Villager (Male) ×2 |
| 2:23 | Create | Villager (Male) ×2 |
| 2:48 | Create | Villager (Male) |
| 3:18 | Create | Villager (Male) ×2 |
| 3:38 | Create | Villager (Male) ×2 |
| 4:00 | Create | Villager (Male) |
| 4:00 | Create | Villager (Male) |
| 4:06 | Build | Lumber Camp |
| 4:42 | Create | Villager (Male) ×3 |
| 4:42 | Create | Villager (Male) ×3 |
| 4:49 | Build | House |
| 4:50 | Build | House |
| 5:24 | Create | Villager (Male) ×2 |
| 5:25 | Create | Villager (Male) ×2 |
| 6:20 | Create | Villager (Male) ×5 |
| 6:21 | Create | Villager (Male) ×2 |
| 6:40 | Build | Lumber Camp |
| 7:02 | Create | Villager (Male) ×4 |
| 7:31 | Build | House |
| 7:32 | Build | House |
| 7:34 | Build | House |
| 7:40 | Build | Palisade Wall |
| 7:53 | Create | Villager (Male) ×5 |
| 8:10 | Build | Palisade Wall |
| 8:19 | Create | Villager (Male) ×3 |
| 8:51 | Build | Palisade Wall |
| 9:07 | Create | Villager (Male) ×2 |
| 9:50 | Build | Mill |
| 9:53 | Create | Villager (Male) |
| 10:00 | Build | Barracks |
| 10:32 | Build | House |
| 10:33 | Build | House |
| 10:35 | Build | House |
| 10:37 | Build | House |
| 10:41 | Create | Villager (Male) |
| 10:41 | Create | Villager (Male) |
| 10:56 | Build | Mining Camp |
| 11:24 | Research | Feudal Age |
| 11:34 | Build | Palisade Wall |
| 11:45 | Create | Militia |
| 11:45 | Create | Militia |
| 11:52 | Build | Mining Camp |
| 12:16 | Build | Farm |
| 12:17 | Build | Farm |
| 12:19 | Build | Farm |
| 12:19 | Build | Farm |
| 12:19 | Build | Farm |
| 12:20 | Build | Farm |
| 12:42 | Build | Palisade Wall |
| 12:59 | Build | Farm |
| 12:59 | Build | Farm |
| 13:00 | Build | Farm |
| 13:00 | Build | Farm |
| 13:00 | Build | Farm |
| 13:05 | Build | Farm |
| 13:11 | Create | Villager (Male) |
| 13:11 | Create | Villager (Male) |
| 13:17 | Build | House |
| 13:17 | Build | House |
| 13:28 | Build | Farm |
| 13:34 | Age | Feudal Age |
| 13:38 | Create | Villager (Male) |
| 13:39 | Create | Villager (Male) |
| 13:39 | Create | Villager (Male) |
| 13:40 | Create | Villager (Male) |
| 13:42 | Create | Villager (Male) |
| 13:48 | Build | Archery Range |
| 14:00 | Create | Spearman |
| 14:01 | Create | Spearman |
| 14:13 | Create | Villager (Male) |
| 14:13 | Create | Villager (Male) |
| 14:25 | Build | Blacksmith |
| 14:31 | Create | Skirmisher |
| 14:31 | Create | Skirmisher |
| 14:31 | Create | Skirmisher |
| 14:31 | Create | Skirmisher |
| 14:38 | Build | Palisade Wall |
| 14:40 | Create | Villager (Male) ×5 |
| 15:10 | Build | Mining Camp |
| 15:20 | Build | Archery Range |
| 16:23 | Build | Farm |
| 16:24 | Build | Farm |
| 16:24 | Build | Farm |
| 16:24 | Build | Farm |
| 16:24 | Build | Farm |
| 16:25 | Build | Farm |
| 16:25 | Build | Farm |
| 16:25 | Build | Farm |
| 16:43 | Research | Loom |
| 17:25 | Create | Villager (Male) |
| 17:25 | Create | Villager (Male) |
| 17:25 | Create | Villager (Male) |
| 17:25 | Create | Villager (Male) |
| 17:26 | Create | Villager (Male) |
| 17:26 | Create | Villager (Male) |
| 17:26 | Create | Villager (Male) |
| 17:26 | Create | Villager (Male) |
| 17:34 | Build | Farm |
| 17:35 | Build | Farm |
| 17:36 | Build | Farm |
| 17:52 | Create | Villager (Male) |
| 17:53 | Create | Villager (Male) |
| 18:06 | Build | Palisade Wall |
| 18:13 | Build | Palisade Wall |
| 18:22 | Build | Farm |
| 18:25 | Create | Villager (Male) ×5 |
| 18:31 | Research | Horse Collar |
| 18:34 | Research | Double-Bit Axe |
| 18:42 | Create | Spearman |
| 18:42 | Create | Spearman |
| 19:30 | Build | Market |
| 19:41 | Build | Palisade Wall |
| 19:47 | Build | House |
| 19:48 | Build | House |
| 19:49 | Build | House |
| 20:12 | Build | House |
| 20:13 | Build | House |
| 20:14 | Build | House |
| 20:15 | Build | House |
| 20:35 | Build | Farm |
| 20:35 | Build | Farm |
| 20:35 | Build | Farm |
| 20:36 | Build | Farm |
| 20:36 | Build | Farm |
| 20:36 | Build | Farm |
| 20:46 | Research | Castle Age |
| 20:54 | Build | Palisade Wall |
| 21:26 | Build | Mining Camp |
| 21:39 | Create | Villager (Male) |
| 21:39 | Create | Villager (Male) |
| 21:39 | Create | Villager (Male) |
| 21:39 | Create | Villager (Male) |
| 21:43 | Research | Wheelbarrow |
| 21:53 | Build | Barracks |
| 22:14 | Research | Padded Archer Armor |
| 22:15 | Research | Fletching |
| 22:33 | Build | Farm |
| 22:33 | Build | Farm |
| 22:33 | Build | Farm |
| 22:33 | Build | Farm |
| 22:34 | Build | Farm |
| 22:34 | Build | Farm |
Build order — Lokky
First 150 of 193 actions detected
| 0:11 | Create | Villager (Male) |
| 0:13 | Create | Villager (Male) |
| 1:12 | Create | Villager (Male) |
| 1:25 | Build | House |
| 2:03 | Create | Villager (Male) |
| 2:05 | Create | Villager (Male) |
| 2:26 | Build | House |
| 2:38 | Create | Villager (Male) |
| 2:39 | Create | Villager (Male) |
| 2:51 | Build | Lumber Camp |
| 3:42 | Create | Villager (Male) |
| 3:42 | Create | Villager (Male) |
| 3:45 | Create | Villager (Male) |
| 3:45 | Create | Villager (Male) |
| 3:46 | Create | Villager (Male) |
| 4:20 | Create | Villager (Male) |
| 4:23 | Create | Villager (Male) |
| 4:39 | Build | House |
| 4:44 | Build | House |
| 4:51 | Create | Villager (Male) |
| 4:53 | Create | Villager (Male) |
| 5:36 | Build | Mill |
| 6:31 | Build | Palisade Wall |
| 6:49 | Create | Villager (Male) |
| 6:50 | Create | Villager (Male) |
| 6:55 | Create | Villager (Male) |
| 6:55 | Create | Villager (Male) |
| 7:24 | Create | Villager (Male) |
| 8:43 | Research | Feudal Age |
| 9:14 | Build | Mill |
| 9:27 | Create | Villager (Male) |
| 9:27 | Create | Villager (Male) |
| 9:28 | Create | Villager (Male) |
| 9:45 | Build | Barracks |
| 10:09 | Build | House |
| 10:10 | Build | House |
| 10:11 | Build | House |
| 10:53 | Age | Feudal Age |
| 11:01 | Build | Archery Range |
| 11:11 | Research | Wheelbarrow |
| 11:14 | Create | Villager (Male) |
| 11:14 | Create | Villager (Male) |
| 11:14 | Create | Villager (Male) |
| 11:16 | Create | Villager (Male) |
| 11:29 | Research | Double-Bit Axe |
| 11:37 | Create | Spearman |
| 11:37 | Create | Spearman |
| 12:01 | Build | House |
| 12:11 | Create | Archer |
| 12:58 | Create | Archer |
| 13:07 | Build | Mining Camp |
| 13:30 | Create | Spearman |
| 13:31 | Create | Spearman |
| 13:36 | Create | Villager (Male) |
| 13:36 | Create | Villager (Male) |
| 13:37 | Create | Villager (Male) |
| 13:48 | Build | Mining Camp |
| 14:18 | Build | Blacksmith |
| 14:36 | Build | Farm |
| 14:38 | Build | Farm |
| 14:39 | Build | Farm |
| 14:40 | Build | Farm |
| 14:42 | Build | Farm |
| 14:42 | Build | Farm |
| 14:44 | Build | Farm |
| 14:45 | Build | Farm |
| 14:48 | Build | Farm |
| 15:08 | Research | Horse Collar |
| 16:03 | Research | Gold Mining |
| 16:06 | Research | Stone Mining |
| 17:06 | Research | Castle Age |
| 17:18 | Create | Villager (Male) |
| 17:27 | Create | Villager (Male) |
| 18:41 | Research | Fletching |
| 18:44 | Research | Town Watch |
| 18:51 | Create | Villager (Male) |
| 18:53 | Create | Villager (Male) |
| 18:53 | Create | Villager (Male) |
| 18:54 | Create | Villager (Male) |
| 18:56 | Create | Villager (Male) |
| 19:15 | Build | House |
| 19:16 | Build | House |
| 19:17 | Build | House |
| 19:19 | Build | House |
| 19:46 | Age | Castle Age |
| 19:52 | Create | Archer |
| 19:52 | Create | Archer |
| 19:52 | Create | Archer |
| 19:52 | Create | Archer |
| 19:57 | Create | Spearman |
| 19:58 | Create | Spearman |
| 19:58 | Create | Spearman |
| 19:58 | Create | Spearman |
| 19:59 | Research | Pikeman (upgrade) |
| 20:31 | Create | Spearman |
| 20:33 | Create | Archer |
| 20:33 | Create | Archer |
| 20:33 | Create | Archer |
| 20:59 | Create | Spearman |
| 20:59 | Create | Spearman |
| 21:05 | Create | Skirmisher |
| 21:06 | Research | Elite Skirmisher (upgrade) |
| 22:12 | Create | Spearman |
| 22:13 | Create | Spearman |
| 22:13 | Create | Spearman |
| 22:29 | Create | Villager (Male) ×2 |
| 22:54 | Research | Heavy Plow |
| 23:12 | Build | Palisade Wall |
| 23:31 | Create | Villager (Male) |
| 24:15 | Build | Farm |
| 24:16 | Build | Farm |
| 24:39 | Create | Archer |
| 24:39 | Create | Archer |
| 25:04 | Create | Archer |
| 25:04 | Create | Skirmisher |
| 25:09 | Create | Spearman |
| 25:11 | Create | Spearman |
| 25:41 | Build | Farm |
| 25:42 | Build | Farm |
| 25:43 | Build | Farm |
| 25:44 | Build | Farm |
| 25:54 | Build | Farm |
| 25:55 | Build | Farm |
| 26:51 | Build | Lumber Camp |
| 26:55 | Create | Villager (Male) |
| 27:42 | Build | Watch Tower |
| 29:00 | Create | Archer |
| 29:01 | Research | Crossbowman (upgrade) |
| 29:39 | Create | Villager (Male) |
| 29:46 | Build | Farm |
| 29:47 | Build | Farm |
| 29:55 | Build | Farm |
| 30:10 | Build | Farm |
| 30:57 | Research | Bow Saw |
| 31:09 | Research | Bodkin Arrow |
| 31:16 | Create | Archer |
| 31:17 | Create | Archer |
| 31:26 | Create | Spearman |
| 31:26 | Create | Spearman |
| 31:49 | Create | Villager (Male) ×5 |
| 31:54 | Research | Hand Cart |
| 31:57 | Create | Villager (Male) ×5 |
| 32:20 | Create | Skirmisher |
| 32:21 | Create | Skirmisher |
| 32:34 | Research | Squires |
| 32:48 | Research | Padded Archer Armor |
| 33:11 | Research | Stone Shaft Mining |
| 33:14 | Create | Villager (Male) ×5 |
| 34:48 | Build | Mining Camp |
| 36:35 | Create | Villager (Male) |
Build order — Kei Nagase
First 150 of 310 actions detected
| 0:14 | Create | Villager (Male) ×4 |
| 0:46 | Build | House |
| 0:47 | Build | House |
| 0:51 | Build | House |
| 0:53 | Build | House |
| 1:54 | Create | Villager (Male) |
| 2:15 | Create | Villager (Male) |
| 2:15 | Create | Villager (Male) |
| 3:09 | Create | Villager (Male) |
| 4:00 | Create | Villager (Male) |
| 4:19 | Create | Villager (Male) |
| 4:31 | Build | Lumber Camp |
| 4:41 | Create | Villager (Male) |
| 4:47 | Create | Villager (Male) |
| 5:08 | Create | Villager (Male) |
| 5:15 | Create | Villager (Male) |
| 5:24 | Create | Villager (Male) |
| 5:26 | Create | Villager (Male) |
| 5:43 | Create | Villager (Male) |
| 6:06 | Create | Villager (Male) |
| 6:26 | Create | Villager (Male) |
| 6:32 | Create | Villager (Male) |
| 6:35 | Create | Villager (Male) |
| 6:45 | Build | Mill |
| 7:17 | Research | Feudal Age |
| 7:22 | Create | Villager (Male) |
| 7:51 | Create | Villager (Male) |
| 8:00 | Build | Barracks |
| 8:09 | Create | Villager (Male) |
| 8:17 | Research | Loom |
| 8:36 | Create | Villager (Male) |
| 8:59 | Create | Villager (Male) |
| 9:07 | Build | House |
| 9:09 | Build | House |
| 9:10 | Build | House |
| 9:11 | Build | House |
| 9:11 | Build | House |
| 9:13 | Build | House |
| 9:16 | Build | House |
| 9:27 | Age | Feudal Age |
| 9:29 | Create | Villager (Male) |
| 9:37 | Build | Blacksmith |
| 9:48 | Research | Man-at-Arms (upgrade) |
| 9:51 | Create | Villager (Male) |
| 9:56 | Create | Villager (Male) |
| 10:06 | Create | Villager (Male) |
| 10:25 | Create | Villager (Male) |
| 10:31 | Research | Scale Mail Armor |
| 10:44 | Build | Mining Camp |
| 10:53 | Create | Villager (Male) |
| 10:54 | Create | Villager (Male) |
| 11:17 | Create | Villager (Male) |
| 11:26 | Create | Militia |
| 11:26 | Create | Militia |
| 11:31 | Research | Forging |
| 11:33 | Create | Villager (Male) |
| 11:43 | Create | Villager (Male) |
| 11:54 | Build | Barracks |
| 11:57 | Build | House |
| 12:02 | Create | Militia |
| 12:08 | Create | Villager (Male) |
| 12:18 | Build | Farm |
| 12:20 | Build | Farm |
| 12:21 | Build | Farm |
| 12:22 | Build | Farm |
| 12:32 | Create | Villager (Male) |
| 12:32 | Create | Villager (Male) |
| 13:04 | Build | Archery Range |
| 13:16 | Build | Watch Tower |
| 13:17 | Create | Villager (Male) |
| 13:25 | Create | Villager (Male) |
| 13:35 | Build | Farm |
| 13:37 | Build | Farm |
| 13:38 | Build | Farm |
| 13:48 | Build | Farm |
| 13:49 | Create | Villager (Male) |
| 13:54 | Create | Militia |
| 13:57 | Create | Villager (Male) |
| 14:15 | Build | House |
| 14:22 | Create | Skirmisher |
| 14:23 | Create | Skirmisher |
| 14:51 | Create | Spearman |
| 14:51 | Create | Spearman |
| 14:57 | Create | Villager (Male) |
| 15:05 | Create | Skirmisher |
| 15:21 | Create | Villager (Male) |
| 15:30 | Build | House |
| 15:35 | Build | Farm |
| 15:36 | Build | Farm |
| 15:37 | Build | Farm |
| 15:38 | Build | Farm |
| 15:39 | Build | Farm |
| 15:40 | Build | Farm |
| 15:41 | Build | Farm |
| 15:54 | Build | Farm |
| 16:01 | Create | Spearman |
| 16:01 | Create | Spearman |
| 16:01 | Create | Spearman |
| 16:08 | Build | House |
| 16:10 | Build | House |
| 16:19 | Create | Skirmisher |
| 16:20 | Create | Skirmisher |
| 16:25 | Create | Villager (Male) |
| 16:37 | Build | House |
| 16:42 | Build | House |
| 16:47 | Create | Villager (Male) |
| 16:47 | Create | Villager (Male) |
| 16:56 | Create | Militia |
| 17:06 | Create | Skirmisher |
| 17:06 | Create | Skirmisher |
| 17:33 | Create | Militia |
| 17:33 | Create | Militia |
| 17:37 | Create | Villager (Male) |
| 17:47 | Build | Farm |
| 17:48 | Build | Farm |
| 17:51 | Build | Farm |
| 17:52 | Build | Farm |
| 18:08 | Create | Archer |
| 18:08 | Create | Archer |
| 18:10 | Create | Skirmisher |
| 18:10 | Create | Skirmisher |
| 18:11 | Create | Skirmisher |
| 18:11 | Create | Skirmisher |
| 18:15 | Create | Villager (Male) |
| 18:16 | Create | Villager (Male) |
| 18:23 | Build | Market |
| 18:47 | Create | Spearman |
| 18:47 | Create | Spearman |
| 18:49 | Create | Spearman |
| 18:49 | Create | Spearman |
| 18:57 | Create | Villager (Male) |
| 19:14 | Create | Skirmisher |
| 19:14 | Create | Skirmisher |
| 19:14 | Create | Skirmisher |
| 19:16 | Create | Villager (Male) |
| 19:24 | Build | Mill |
| 19:34 | Create | Villager (Male) |
| 20:02 | Create | Skirmisher |
| 20:03 | Create | Skirmisher |
| 20:04 | Create | Villager (Male) |
| 20:06 | Create | Villager (Male) |
| 20:16 | Build | Farm |
| 20:22 | Build | Farm |
| 20:34 | Create | Skirmisher |
| 20:35 | Create | Skirmisher |
| 20:55 | Create | Skirmisher |
| 20:59 | Research | Castle Age |
| 21:08 | Create | Skirmisher |
| 21:09 | Create | Skirmisher |
| 21:17 | Create | Militia ×2 |
Build order — Zin
First 150 of 308 actions detected
| 0:03 | Build | House |
| 0:04 | Build | House |
| 0:07 | Create | Villager (Male) |
| 0:36 | Build | House |
| 0:45 | Create | Villager (Male) |
| 0:54 | Create | Villager (Male) |
| 0:55 | Create | Villager (Male) |
| 1:22 | Create | Villager (Male) |
| 1:48 | Create | Villager (Male) |
| 1:51 | Create | Villager (Male) |
| 2:48 | Build | Lumber Camp |
| 2:56 | Create | Villager (Male) |
| 3:27 | Create | Villager (Male) |
| 3:28 | Create | Villager (Male) |
| 3:29 | Create | Villager (Male) |
| 3:30 | Create | Villager (Male) |
| 3:43 | Create | Villager (Male) |
| 3:51 | Build | House |
| 4:09 | Create | Villager (Male) |
| 4:21 | Create | Villager (Male) |
| 4:22 | Create | Villager (Male) |
| 4:26 | Build | House |
| 4:34 | Create | Villager (Male) |
| 5:10 | Create | Villager (Male) |
| 5:10 | Create | Villager (Male) |
| 5:44 | Build | Lumber Camp |
| 5:48 | Create | Villager (Male) |
| 5:58 | Create | Villager (Male) |
| 6:31 | Create | Villager (Male) |
| 6:37 | Create | Villager (Male) |
| 7:11 | Build | Mill |
| 7:20 | Create | Villager (Male) |
| 7:21 | Create | Villager (Male) |
| 7:40 | Build | Mill |
| 7:48 | Build | Mining Camp |
| 7:56 | Create | Villager (Male) |
| 8:09 | Build | House |
| 8:38 | Research | Feudal Age |
| 8:41 | Create | Villager (Male) |
| 8:41 | Create | Villager (Male) |
| 9:14 | Create | Villager (Male) |
| 9:33 | Build | House |
| 9:39 | Build | Barracks |
| 9:48 | Create | Villager (Male) |
| 10:28 | Create | Villager (Male) |
| 10:48 | Age | Feudal Age |
| 10:51 | Build | Stable |
| 10:52 | Build | Stable |
| 10:55 | Research | Double-Bit Axe |
| 10:56 | Research | Horse Collar |
| 11:05 | Create | Villager (Male) |
| 11:05 | Create | Villager (Male) |
| 11:06 | Create | Villager (Male) |
| 11:06 | Create | Villager (Male) |
| 11:40 | Build | Blacksmith |
| 11:47 | Build | Farm |
| 11:47 | Build | Farm |
| 11:51 | Build | Farm |
| 11:55 | Create | Villager (Male) |
| 11:58 | Create | Villager (Male) |
| 12:00 | Create | Villager (Male) |
| 12:07 | Build | Farm |
| 12:08 | Build | Farm |
| 12:08 | Build | Farm |
| 12:15 | Build | Farm |
| 12:16 | Build | Farm |
| 12:16 | Build | Farm |
| 12:21 | Create | Scout Cavalry |
| 12:31 | Build | House |
| 12:32 | Build | House |
| 12:34 | Build | House |
| 12:37 | Create | Villager (Male) |
| 12:45 | Build | Farm |
| 12:48 | Build | Farm |
| 12:58 | Create | Villager (Male) |
| 12:59 | Create | Villager (Male) |
| 13:02 | Create | Scout Cavalry |
| 13:02 | Create | Scout Cavalry |
| 13:44 | Build | Farm |
| 13:44 | Build | Farm |
| 13:44 | Build | Farm |
| 13:44 | Build | Farm |
| 13:45 | Build | Farm |
| 13:45 | Build | Farm |
| 13:45 | Build | Farm |
| 14:20 | Build | Palisade Wall |
| 14:22 | Build | Palisade Gate |
| 14:32 | Build | Palisade Wall |
| 14:34 | Build | Palisade Wall |
| 14:49 | Research | Castle Age |
| 15:02 | Create | Villager (Male) |
| 15:02 | Create | Villager (Male) |
| 15:57 | Research | Wheelbarrow |
| 15:57 | Create | Villager (Male) |
| 15:57 | Create | Villager (Male) |
| 17:04 | Build | Palisade Wall |
| 17:09 | Build | Palisade Wall |
| 17:19 | Build | Mining Camp |
| 17:25 | Build | Palisade Wall |
| 17:29 | Age | Castle Age |
| 17:32 | Create | Villager (Male) |
| 17:32 | Create | Villager (Male) |
| 17:44 | Build | Mining Camp |
| 17:55 | Build | Mining Camp |
| 17:56 | Research | Bow Saw |
| 17:57 | Create | Villager (Male) |
| 18:08 | Create | Villager (Male) |
| 18:27 | Build | Archery Range |
| 18:30 | Build | Archery Range |
| 18:54 | Research | Stone Mining |
| 18:55 | Create | Villager (Male) |
| 18:56 | Create | Villager (Male) |
| 19:03 | Build | Town Center |
| 19:10 | Create | Villager (Male) |
| 19:10 | Create | Villager (Male) |
| 19:23 | Research | Thumb Ring |
| 19:25 | Create | Cavalry Archer |
| 19:25 | Create | Cavalry Archer |
| 20:03 | Create | Cavalry Archer |
| 20:03 | Create | Cavalry Archer |
| 20:06 | Build | House |
| 20:07 | Build | House |
| 20:09 | Build | House |
| 20:18 | Build | House |
| 20:19 | Build | House |
| 20:38 | Build | Palisade Wall |
| 20:43 | Build | Palisade Wall |
| 20:48 | Create | Villager (Male) |
| 20:50 | Create | Cavalry Archer |
| 20:50 | Create | Cavalry Archer |
| 21:12 | Create | Cavalry Archer |
| 21:13 | Create | Cavalry Archer |
| 21:52 | Research | Fletching |
| 21:52 | Research | Padded Archer Armor |
| 22:13 | Build | House |
| 22:15 | Build | House |
| 22:15 | Build | House |
| 22:26 | Create | Cavalry Archer |
| 22:26 | Create | Cavalry Archer |
| 22:49 | Create | Cavalry Archer |
| 22:49 | Create | Cavalry Archer |
| 23:14 | Build | University |
| 23:52 | Create | Villager (Male) |
| 23:52 | Create | Villager (Male) |
| 23:53 | Create | Villager (Male) |
| 23:53 | Create | Villager (Male) |
| 23:57 | Build | Lumber Camp |
| 24:18 | Create | Villager (Male) |
| 24:18 | Create | Villager (Male) |
| 24:53 | Build | Farm |
Build order — felixaleman1010
First 150 of 733 actions detected
| 0:02 | Create | Villager (Male) |
| 0:02 | Create | Villager (Male) |
| 0:02 | Create | Villager (Male) |
| 0:02 | Create | Villager (Male) |
| 0:09 | Build | House |
| 0:13 | Build | House |
| 0:16 | Build | House |
| 0:18 | Build | House |
| 0:50 | Build | Lumber Camp |
| 0:54 | Research | Loom |
| 0:58 | Create | Villager (Male) |
| 0:58 | Create | Villager (Male) |
| 1:25 | Create | Villager (Male) |
| 1:25 | Create | Villager (Male) |
| 1:45 | Create | Villager (Male) |
| 1:45 | Create | Villager (Male) |
| 1:45 | Create | Villager (Male) |
| 2:03 | Create | Villager (Male) |
| 2:03 | Create | Villager (Male) |
| 2:38 | Create | Villager (Male) |
| 2:38 | Create | Villager (Male) |
| 3:08 | Create | Villager (Male) |
| 3:08 | Create | Villager (Male) |
| 3:08 | Create | Villager (Male) |
| 3:08 | Create | Villager (Male) |
| 3:33 | Create | Villager (Male) |
| 3:33 | Create | Villager (Male) |
| 3:33 | Create | Villager (Male) |
| 3:33 | Create | Villager (Male) |
| 3:36 | Create | Villager (Male) |
| 3:36 | Create | Villager (Male) |
| 3:37 | Create | Villager (Male) |
| 3:44 | Create | Villager (Male) |
| 3:44 | Create | Villager (Male) |
| 3:45 | Create | Villager (Male) |
| 3:45 | Create | Villager (Male) |
| 4:08 | Create | Villager (Male) |
| 4:09 | Create | Villager (Male) |
| 4:09 | Create | Villager (Male) |
| 4:09 | Create | Villager (Male) |
| 4:09 | Create | Villager (Male) |
| 4:35 | Create | Villager (Male) |
| 4:36 | Create | Villager (Male) |
| 4:36 | Create | Villager (Male) |
| 4:36 | Create | Villager (Male) |
| 4:58 | Create | Villager (Male) |
| 4:58 | Create | Villager (Male) |
| 4:58 | Create | Villager (Male) |
| 4:58 | Create | Villager (Male) |
| 5:07 | Create | Villager (Male) |
| 5:07 | Create | Villager (Male) |
| 5:07 | Create | Villager (Male) |
| 5:18 | Build | Mill |
| 5:24 | Build | House |
| 5:26 | Build | House |
| 5:49 | Create | Villager (Male) |
| 5:49 | Create | Villager (Male) |
| 5:49 | Create | Villager (Male) |
| 5:50 | Create | Villager (Male) |
| 5:50 | Create | Villager (Male) |
| 5:50 | Create | Villager (Male) |
| 5:53 | Create | Villager (Male) |
| 5:54 | Create | Villager (Male) |
| 5:54 | Create | Villager (Male) |
| 6:03 | Create | Villager (Male) |
| 6:03 | Create | Villager (Male) |
| 6:03 | Create | Villager (Male) |
| 6:03 | Create | Villager (Male) |
| 6:09 | Create | Villager (Male) |
| 6:10 | Create | Villager (Male) |
| 6:16 | Create | Villager (Male) |
| 6:16 | Create | Villager (Male) |
| 6:16 | Create | Villager (Male) |
| 6:53 | Create | Villager (Male) |
| 6:53 | Create | Villager (Male) |
| 6:54 | Create | Villager (Male) |
| 6:54 | Create | Villager (Male) |
| 6:54 | Create | Villager (Male) |
| 6:54 | Create | Villager (Male) |
| 6:54 | Create | Villager (Male) |
| 7:10 | Create | Villager (Male) |
| 7:10 | Create | Villager (Male) |
| 7:12 | Create | Villager (Male) |
| 7:12 | Create | Villager (Male) |
| 7:13 | Create | Villager (Male) |
| 7:13 | Create | Villager (Male) |
| 7:29 | Build | House |
| 7:31 | Build | House |
| 7:35 | Build | House |
| 7:44 | Create | Villager (Male) |
| 7:44 | Create | Villager (Male) |
| 8:08 | Build | Mining Camp |
| 8:20 | Research | Feudal Age |
| 8:27 | Research | Feudal Age |
| 8:44 | Build | Lumber Camp |
| 9:12 | Create | Villager (Male) |
| 9:22 | Build | Mill |
| 9:35 | Build | Mining Camp |
| 9:44 | Create | Villager (Male) |
| 9:44 | Create | Villager (Male) |
| 9:55 | Build | Lumber Camp |
| 10:33 | Create | Villager (Male) |
| 10:33 | Create | Villager (Male) |
| 10:43 | Age | Feudal Age |
| 10:47 | Build | Barracks |
| 10:56 | Build | Farm |
| 10:56 | Build | Farm |
| 10:57 | Build | Farm |
| 10:57 | Build | Farm |
| 10:57 | Build | Farm |
| 10:57 | Build | Farm |
| 11:03 | Build | Farm |
| 11:06 | Research | Double-Bit Axe |
| 11:08 | Create | Villager (Male) |
| 11:08 | Create | Villager (Male) |
| 11:09 | Create | Villager (Male) |
| 11:20 | Create | Villager (Male) |
| 11:21 | Create | Villager (Male) |
| 11:28 | Build | Mill |
| 11:47 | Build | Stable |
| 11:58 | Build | House |
| 11:59 | Build | House |
| 12:00 | Build | House |
| 12:01 | Build | House |
| 12:01 | Build | House |
| 12:01 | Build | House |
| 12:02 | Build | House |
| 12:02 | Build | House |
| 12:02 | Build | House |
| 12:06 | Build | House |
| 12:13 | Create | Villager (Male) |
| 12:13 | Create | Villager (Male) |
| 12:13 | Create | Villager (Male) |
| 12:22 | Create | Scout Cavalry |
| 12:22 | Create | Scout Cavalry |
| 12:22 | Create | Scout Cavalry |
| 12:26 | Build | Farm |
| 12:26 | Build | Farm |
| 12:27 | Build | Farm |
| 12:27 | Build | Farm |
| 12:36 | Build | Farm |
| 12:36 | Build | Farm |
| 12:36 | Build | Farm |
| 12:37 | Build | Farm |
| 12:40 | Create | Villager (Male) |
| 12:40 | Create | Villager (Male) |
| 12:40 | Create | Villager (Male) |
| 12:46 | Build | Farm |
| 12:49 | Build | Farm |
| 13:04 | Create | Scout Cavalry |
Build order — younger
First 150 of 428 actions detected
| 0:04 | Create | Villager (Male) |
| 0:05 | Create | Villager (Male) |
| 0:05 | Create | Villager (Male) |
| 0:05 | Create | Villager (Male) |
| 0:05 | Create | Villager (Male) |
| 0:05 | Create | Villager (Male) |
| 1:09 | Build | House |
| 1:48 | Build | House |
| 1:50 | Build | House |
| 2:07 | Build | House |
| 2:22 | Create | Villager (Male) |
| 2:23 | Create | Villager (Male) |
| 2:23 | Create | Villager (Male) |
| 2:23 | Create | Villager (Male) |
| 2:51 | Create | Villager (Male) |
| 2:52 | Create | Villager (Male) |
| 3:22 | Build | House |
| 3:29 | Create | Villager (Male) |
| 3:29 | Create | Villager (Male) |
| 3:58 | Create | Villager (Male) |
| 3:59 | Create | Villager (Male) |
| 3:59 | Create | Villager (Male) |
| 4:04 | Build | Mill |
| 4:18 | Create | Villager (Male) |
| 4:18 | Create | Villager (Male) |
| 4:44 | Research | Loom |
| 5:27 | Create | Villager (Male) |
| 5:28 | Create | Villager (Male) |
| 5:28 | Create | Villager (Male) |
| 5:28 | Create | Villager (Male) |
| 5:54 | Create | Villager (Male) |
| 5:54 | Create | Villager (Male) |
| 5:56 | Create | Villager (Male) |
| 6:21 | Create | Villager (Male) |
| 6:21 | Create | Villager (Male) |
| 6:28 | Build | Lumber Camp |
| 7:28 | Research | Feudal Age |
| 7:51 | Create | Villager (Male) |
| 8:20 | Create | Villager (Male) |
| 8:20 | Create | Villager (Male) |
| 8:51 | Create | Villager (Male) |
| 8:51 | Create | Villager (Male) |
| 9:05 | Build | Mining Camp |
| 9:18 | Build | Barracks |
| 9:24 | Create | Villager (Male) |
| 9:24 | Create | Villager (Male) |
| 9:30 | Build | House |
| 9:31 | Build | House |
| 9:32 | Age | Feudal Age |
| 9:32 | Build | House |
| 9:34 | Build | House |
| 9:42 | Research | Wheelbarrow |
| 9:54 | Create | Villager (Male) |
| 9:55 | Create | Villager (Male) |
| 9:55 | Create | Villager (Male) |
| 10:13 | Create | Villager (Male) |
| 10:13 | Create | Villager (Male) |
| 10:56 | Research | Horse Collar |
| 11:02 | Build | House |
| 11:04 | Build | House |
| 11:05 | Build | House |
| 11:07 | Build | House |
| 11:22 | Create | Villager (Male) |
| 11:39 | Create | Villager (Male) |
| 11:39 | Create | Villager (Male) |
| 11:59 | Build | Stable |
| 12:02 | Create | Villager (Male) |
| 12:02 | Create | Villager (Male) |
| 12:19 | Build | Farm |
| 12:19 | Build | Farm |
| 12:24 | Create | Villager (Male) |
| 12:25 | Create | Villager (Male) |
| 12:49 | Build | Lumber Camp |
| 13:10 | Build | Lumber Camp |
| 13:12 | Create | Villager (Male) |
| 13:12 | Create | Villager (Male) |
| 13:12 | Create | Villager (Male) |
| 13:25 | Create | Villager (Male) |
| 13:25 | Create | Villager (Male) |
| 13:46 | Create | Villager (Male) |
| 14:06 | Build | Farm |
| 14:06 | Build | Farm |
| 14:07 | Build | Farm |
| 14:08 | Build | Farm |
| 14:09 | Create | Villager (Male) |
| 14:10 | Create | Villager (Male) |
| 14:19 | Create | Villager (Male) |
| 14:23 | Research | Double-Bit Axe |
| 14:35 | Build | Farm |
| 14:36 | Build | Farm |
| 14:52 | Build | Farm |
| 14:52 | Build | Farm |
| 14:55 | Create | Villager (Male) |
| 14:55 | Create | Villager (Male) |
| 14:55 | Create | Villager (Male) |
| 15:12 | Create | Villager (Male) |
| 15:36 | Build | Blacksmith |
| 15:53 | Build | Farm |
| 15:54 | Build | Farm |
| 16:08 | Build | Archery Range |
| 16:20 | Create | Spearman |
| 16:20 | Create | Spearman |
| 16:20 | Create | Spearman |
| 16:21 | Create | Spearman |
| 16:32 | Build | Palisade Wall |
| 16:43 | Create | Villager (Male) |
| 16:43 | Create | Villager (Male) |
| 16:51 | Build | Market |
| 16:58 | Build | Farm |
| 16:59 | Build | Farm |
| 17:12 | Build | Palisade Gate |
| 17:19 | Build | Palisade Wall |
| 17:27 | Build | Farm |
| 17:27 | Build | Farm |
| 17:28 | Build | Farm |
| 17:28 | Build | Farm |
| 17:29 | Build | Farm |
| 17:29 | Build | Farm |
| 17:32 | Create | Villager (Male) |
| 17:32 | Create | Villager (Male) |
| 17:33 | Create | Villager (Male) |
| 17:51 | Create | Spearman |
| 17:51 | Create | Spearman |
| 18:09 | Research | Castle Age |
| 18:18 | Build | Mill |
| 18:29 | Build | Mining Camp |
| 19:00 | Research | Scale Barding Armor |
| 19:01 | Research | Forging |
| 19:13 | Build | Mill |
| 19:15 | Build | Farm |
| 19:15 | Build | Farm |
| 19:15 | Build | Farm |
| 19:15 | Build | Farm |
| 19:16 | Build | Farm |
| 19:16 | Build | Farm |
| 19:17 | Build | Farm |
| 19:18 | Build | Farm |
| 19:20 | Create | Villager (Male) |
| 19:21 | Create | Villager (Male) |
| 19:21 | Create | Villager (Male) |
| 19:45 | Build | Mill |
| 19:57 | Build | House |
| 20:03 | Build | House |
| 20:04 | Build | House |
| 20:04 | Build | House |
| 20:06 | Build | House |
| 20:08 | Create | Villager (Male) |
| 20:09 | Create | Villager (Male) |
| 20:09 | Create | Villager (Male) |
| 20:09 | Create | Villager (Male) |
Match timeline
| 6:31 | Lokky · wall_segment Palisade Wall x12 |
| 7:40 | heibanbaomc2003 · wall_segment Palisade Wall x1 |
| 8:00 | Kei Nagase · first_building Barracks |
| 8:10 | heibanbaomc2003 · wall_segment Palisade Wall x7 |
| 8:51 | heibanbaomc2003 · wall_segment Palisade Wall x6 |
| 9:18 | younger · first_building Barracks |
| 9:27 | Kei Nagase · age_up feudal |
| 9:32 | younger · age_up feudal |
| 9:39 | Zin · first_building Barracks |
| 9:45 | Lokky · first_building Barracks |
| 9:50 | recpe · age_up feudal |
| 9:50 | recpe · first_building Barracks |
| 10:00 | heibanbaomc2003 · first_building Barracks |
| 10:04 | 2384823078 · first_building Barracks |
| 10:13 | recpe · wall_segment Stone Wall x4 |
| 10:43 | felixaleman1010 · age_up feudal |
| 10:47 | felixaleman1010 · first_building Barracks |
| 10:48 | Zin · age_up feudal |
| 10:49 | 2384823078 · age_up feudal |
| 10:51 | Zin · first_building Stable |
| 10:52 | recpe · first_building Archery Range |
| 10:53 | Lokky · age_up feudal |
| 11:01 | Lokky · first_building Archery Range |
| 11:09 | 2384823078 · first_building Stable |
| 11:34 | heibanbaomc2003 · wall_segment Palisade Wall x1 |
| 11:42 | recpe · wall_segment Stone Wall x8 |
| 11:47 | felixaleman1010 · first_building Stable |
| 11:59 | younger · first_building Stable |
| 12:31 | recpe · wall_segment Stone Wall x7 |
| 12:42 | heibanbaomc2003 · wall_segment Palisade Wall x5 |
| 13:04 | Kei Nagase · first_building Archery Range |
| 13:29 | recpe · wall_segment Stone Wall x9 |
| 13:34 | heibanbaomc2003 · age_up feudal |
| 13:48 | heibanbaomc2003 · first_building Archery Range |
| 14:20 | Zin · wall_segment Palisade Wall x19 |
| 14:32 | Zin · wall_segment Palisade Wall x3 |
| 14:34 | Zin · wall_segment Palisade Wall x8 |
| 14:38 | heibanbaomc2003 · wall_segment Palisade Wall x1 |
| 15:13 | 2384823078 · age_up castle |
| 16:08 | younger · first_building Archery Range |
| 16:32 | younger · wall_segment Palisade Wall x2 |
| 17:04 | Zin · wall_segment Palisade Wall x8 |
| 17:09 | Zin · wall_segment Palisade Wall x7 |
| 17:19 | younger · wall_segment Palisade Wall x6 |
| 17:25 | Zin · wall_segment Palisade Wall x18 |
| 17:29 | Zin · age_up castle |
| 18:05 | younger · first_market_sell 500 wood |
| 18:06 | heibanbaomc2003 · wall_segment Palisade Wall x8 |
| 18:06 | younger · first_market_buy 100 food |
| 18:13 | heibanbaomc2003 · wall_segment Palisade Wall x7 |
| 18:27 | Zin · first_building Archery Range |
| 19:25 | recpe · wall_segment Stone Wall x6 |
| 19:33 | recpe · wall_segment Stone Wall x4 |
| 19:40 | Kei Nagase · first_market_buy 500 food |
| 19:41 | heibanbaomc2003 · wall_segment Palisade Wall x6 |
| 19:44 | Kei Nagase · first_market_sell 500 wood |
| 19:45 | recpe · age_up castle |
| 19:46 | Lokky · age_up castle |
| 20:11 | felixaleman1010 · age_up castle |
| 20:28 | recpe · first_building Siege Workshop |
| 20:35 | younger · age_up castle |
| 20:38 | Zin · wall_segment Palisade Wall x7 |
| 20:43 | Zin · wall_segment Palisade Wall x10 |
| 20:54 | heibanbaomc2003 · wall_segment Palisade Wall x3 |
| 23:12 | Lokky · wall_segment Palisade Wall x13 |
| 23:26 | heibanbaomc2003 · age_up castle |
| 23:39 | Kei Nagase · age_up castle |
| 25:16 | 2384823078 · first_market_buy 100 food |
| 25:33 | heibanbaomc2003 · first_building Castle |
| 25:33 | 2384823078 · first_building Monastery |
| 26:20 | recpe · first_building Castle |
| 26:21 | Kei Nagase · first_building Castle |
| 26:40 | Zin · first_building Castle |
| 26:46 | heibanbaomc2003 · first_building Monastery |
| 27:07 | Kei Nagase · first_building Siege Workshop |
| 27:20 | felixaleman1010 · first_market_sell 500 wood |
| 28:40 | Kei Nagase · wall_segment Stone Wall x1 |
| 28:59 | recpe · wall_segment Stone Wall x6 |
| 30:34 | heibanbaomc2003 · age_up imperial |
| 30:45 | younger · first_building Monastery |
| 30:57 | heibanbaomc2003 · first_building Siege Workshop |
| 31:32 | 2384823078 · age_up imperial |
| 32:36 | Kei Nagase · first_building Stable |
| 32:49 | younger · wall_segment Palisade Wall x3 |
| 33:37 | recpe · wall_segment Stone Wall x2 |
| 33:41 | Zin · age_up imperial |
| 33:51 | heibanbaomc2003 · wall_segment Palisade Wall x1 |
| 34:08 | recpe · first_building Monastery |
| 34:08 | Zin · first_market_sell 100 wood |
| 34:45 | younger · first_building Castle |
| 35:09 | 2384823078 · first_market_sell 100 stone |
| 36:03 | younger · age_up imperial |
| 37:17 | younger · tribute_sent a jugador 1 |
| 37:17 | younger · tribute_sent a jugador 2 |
| 37:17 | younger · tribute_sent a jugador 3 |
| 37:17 | younger · tribute_sent a jugador 4 |
| 37:17 | younger · tribute_sent a jugador 5 |
| 37:17 | younger · tribute_sent a jugador 6 |
| 37:17 | younger · tribute_sent a jugador 7 |
| 38:16 | felixaleman1010 · first_market_buy 100 wood |
| 38:23 | recpe · age_up imperial |
| 38:56 | recpe · wall_segment Stone Wall x9 |
| 39:07 | felixaleman1010 · first_building Monastery |
| 39:14 | Lokky · first_building Dock |
| 39:36 | Zin · tribute_sent a jugador 1 |
| 39:36 | Zin · tribute_sent a jugador 2 |
| 39:36 | Zin · tribute_sent a jugador 3 |
| 39:36 | Zin · tribute_sent a jugador 4 |
| 39:36 | Zin · tribute_sent a jugador 6 |
| 39:36 | Zin · tribute_sent a jugador 7 |
| 39:36 | Zin · tribute_sent a jugador 8 |
| 41:40 | recpe · first_market_sell 100 wood |
| 42:31 | Lokky · first_building Castle |
| 43:11 | felixaleman1010 · age_up imperial |
| 43:25 | felixaleman1010 · first_building Castle |
| 43:33 | Zin · first_market_buy 500 food |
| 43:39 | Lokky · first_building Monastery |
| 45:57 | recpe · wall_segment Stone Wall x1 |
| 46:11 | heibanbaomc2003 · wall_segment Palisade Wall x5 |
| 46:25 | Kei Nagase · age_up imperial |
| 46:33 | Kei Nagase · wall_segment Stone Wall x1 |
| 46:50 | felixaleman1010 · resign |
[ AI ANALYSIS · 1 CREDIT ]
What really happened in this match?
Wolo.gg analyzes every decision: build order, eco, micro, common mistakes by bracket. Personalized analysis on WhatsApp or Discord in 30 seconds.
Civ guide
Burgundians
Map guide
Budapest
Perfil
Jugador #24110313